Map: Ulrena

Players

TheMohist

  • Race: Terran Terran
  • League: Gold

Julles - Winner!

  • Race: Terran Terran
  • League: Gold

VOD

Have the link to the VOD?

Description

Kill_me

Time

  • Played on: Feb. 14, 2016, 5:08 p.m.
  • Length: 7:03
Show
View Real Time Build Order
Export as new Build Order

TheMohist Terran 

Build Orders: 1/1/1, Banshee Rush 

Get SALT Encoding   

  12  0:00  SCV  
  13  0:13  SCV  
  14  0:18  Supply Depot  
  14  0:25  SCV  
  15  0:39  SCV  
  15  0:42  Barracks  
  16  0:46  Refinery  
  16  0:51  SCV  
  16  0:56  Refinery  
  17  1:03  SCV  
  18  1:16  SCV  
  19  1:29  Orbital Command, Marine  
  19  1:31  Supply Depot  
  20  1:43  Factory  
  20  1:47  Marine  
  21  1:54  SCV  
  22  2:07  SCV  
  23  2:10  Marine  
  24  2:19  SCV  
  25  2:27  Starport  
  25  2:29  Factory Tech Lab  
  25  2:31  SCV, Marine  
  25  2:35  Supply Depot  
  27  2:43  SCV  
  28  3:02  Barracks Reactor  
  28  3:05  Supply Depot  
  28  3:10  Banshee, Cloaking Field  
  31  3:26  Factory Tech Lab  
  31  3:27  SCV  
  31  3:28  Command Center  
  31  3:31  Engineering Bay  
  32  3:38  Supply Depot  
  32  3:40  SCV  
  33  3:44  Marine x2  
  35  3:53  Siege Tank  
  38  4:01  Banshee  
  41  4:09  Supply Depot  
  41  4:16  Missile Turret  
  41  4:17  Marine  
  41  4:18  Marine  
  41  4:19  SCV  
  44  4:26  Siege Tank  
  47  4:31  SCV  
  45  4:40  Marine x2  
  45  4:43  SCV  
  48  4:46  Orbital Command  
  48  4:53  Banshee  
  48  4:55  SCV  
  48  4:57  Marine  
  48  4:58  Marine  
  54  5:05  Siege Tank  
  57  5:07  SCV  
  57  5:18  SCV  
  57  5:19  Marine x2  
  57  5:20  SCV  
  61  5:29  Barracks  
  61  5:30  SCV, Barracks  
  61  5:32  Supply Depot  
  61  5:34  SCV  
  63  5:39  Siege Tank  
  66  5:44  Banshee  
  69  5:51  Marine x2  
  69  5:53  SCV x2  
  67  6:05  SCV x2  
  57  6:19  Marine x2  
  57  6:23  Siege Tank  
  57  6:24  SCV x2  
  57  6:37  Marine x2  
  59  6:40  Command Center  
  59  6:42  Marine x2  
Show
View Real Time Build Order
Export as new Build Order

Julles Terran - Winner!

Build Orders: Command Center First (CC) 

Get SALT Encoding   

  12  0:01  SCV  
  13  0:13  SCV  
  14  0:17  Supply Depot  
  14  0:25  SCV  
  15  0:39  SCV  
  16  0:51  SCV  
  17  1:01  Command Center  
  17  1:04  SCV  
  18  1:16  SCV  
  19  1:23  Barracks  
  19  1:27  Refinery  
  19  1:29  SCV  
  20  1:41  SCV  
  21  1:49  Supply Depot  
  21  1:53  SCV  
  21  2:09  Orbital Command  
  21  2:16  Barracks  
  21  2:18  Marine  
  21  2:22  Orbital Command  
  22  2:32  Bunker  
  22  2:36  Marine  
  24  2:37  SCV  
  24  2:49  Engineering Bay, SCV x2  
  26  3:00  Marine  
  26  3:01  SCV  
  26  3:04  Supply Depot  
  28  3:05  Barracks Reactor  
  28  3:08  SCV  
  29  3:13  SCV  
  29  3:17  Barracks  
  30  3:21  SCV  
  30  3:23  Barracks Tech Lab  
  31  3:27  Missile Turret  
  31  3:29  Barracks  
  31  3:33  SCV x2  
  33  3:43  Marine x2, Stimpack  
  33  3:44  Marine  
  33  3:45  SCV  
  33  3:46  SCV  
  38  3:58  Missile Turret, SCV  
  38  4:01  Missile Turret, Marine x2  
  38  4:02  Marine  
  42  4:05  SCV  
  43  4:10  SCV, Marine  
  43  4:11  Missile Turret  
  45  4:19  Marine  
  45  4:21  Barracks Reactor  
  45  4:22  Marine x2  
  48  4:26  Terran Infantry Weapons Level 1  
  48  4:29  Barracks Tech Lab  
  48  4:31  SCV x2  
  48  4:37  Supply Depot, Marine  
  51  4:40  Marine x2  
  51  4:43  SCV  
  51  4:44  Supply Depot  
  54  4:53  Factory  
  54  4:59  SCV x2, Marine x3  
  59  5:07  Command Center  
  59  5:11  SCV x2, Marine x2  
  60  5:17  Marine x3  
  60  5:18  Marine  
  56  5:23  SCV x2  
  56  5:25  Supply Depot  
  56  5:27  Supply Depot  
  58  5:29  Marine x2  
  60  5:35  SCV x2  
  60  5:36  Supply Depot  
  60  5:37  Factory Reactor  
  60  5:40  Factory  
  62  5:43  Marine x4  
  62  5:48  SCV x2  
  68  5:55  Marine x2  
  69  6:01  Marine x2  
  69  6:02  Marine x2  
  67  6:13  Marine x2  
  54  6:19  Marine x2  
  54  6:20  SCV x2, Marine x2  
  54  6:22  Orbital Command  
  55  6:30  Marine  
  55  6:31  Marine  
  57  6:35  Factory Tech Lab  
  57  6:36  Marine  
  57  6:37  Marine  
  57  6:38  SCV x2, Marine x2  
  63  6:50  SCV  
  63  6:51  SCV  
Tags
 
Add a new tag
Caveats
  • Supply blocks, unpowered buildings, or Contaminate may cause inaccurate times.
  • Supply counts are checked every 10 seconds.